 Dungeon Crawl Stone Soup version 0.23.2-40-g277498a (webtiles) character file.

Game seed: 1149876707154310814

1350 Fang the Skirmisher (level 8, -3/78 HPs)
             Began as a Gargoyle Berserker on Oct 22, 2019.
             Was a Priest of Trog.
             Slain by an ogre
             ... wielding a +0 giant club
              (18 damage)
             ... on level 6 of the Dungeon on Oct 23, 2019.
             The game lasted 00:05:01 (5949 turns).

Fang the Skirmisher (Gargoyle Berserker)            Turns: 5949, Time: 00:05:01

Health: -3/78      AC: 15    Str: 28    XL:     8   Next: 63%
Magic:  8/8        EV: 10    Int:  8    God:    Trog [***...]
Gold:   297        SH:  0    Dex:  9    Spells: 7/7 levels left

rFire    . . .     SeeInvis +   a - +0 hand axe
rCold    . . .     Gourm    .   (no shield)
rNeg     + . .     Faith    .   b - +0 chain mail
rPois    ∞         Spirit   .   (no helmet)
rElec    +         Reflect  .   (no cloak)
rCorr    +         Harm     .   (no gloves)
MR       .....                  (no boots)
Stlth    ..........             r - amulet of magic regeneration
HPRegen  0.23/turn              e - ring of see invisible
MPRegen  0.36/turn              v - ring of resist corrosion

@: berserking, very quick
A: negative energy resistance 1, electricity resistance, unbreathing,
petrification resistance, rot immunity, AC +5
a: Berserk, Trog's Hand, Renounce Religion


You were on level 6 of the Dungeon.
You worshipped Trog.
Trog was most pleased with you.
You were very hungry.

You visited 2 branches of the dungeon, and saw 7 of its levels.

You collected 297 gold pieces.

Inventory:

Hand Weapons
 a - a +0 hand axe (weapon)
Armour
 b - a +0 chain mail (worn)
Jewellery
 e - a ring of see invisible (left hand)
 r - an amulet of magic regeneration (around neck)
 v - a ring of resist corrosion (right hand)
 A - a +4 ring of strength
 B - an uncursed ring of protection from fire
Wands
 t - a wand of flame (14)
Scrolls
 d - 4 scrolls of remove curse {unknown}
 f - a scroll of immolation {unknown}
 h - 3 scrolls of enchant armour {unknown}
 j - 4 scrolls of identify {unknown}
 k - 5 scrolls of teleportation {unknown}
 o - a scroll of blinking {unknown}
 q - a scroll of enchant weapon {unknown}
 w - a scroll of amnesia {unknown}
 x - a scroll of fear {unknown}
Potions
 g - 2 potions of degeneration {unknown}
 i - 2 potions of brilliance {unknown}
 l - 4 potions of curing {unknown}
 m - 3 potions of agility {unknown}
 n - a potion of lignification {unknown}
 p - a potion of might {unknown}
 s - 2 potions of heal wounds {unknown}
 u - a potion of berserk rage {unknown}
 z - a potion of magic {unknown}
Comestibles
 c - 9 rations
 C - 6 chunks of flesh


   Skills:
 + Level 6.5 Fighting
 + Level 5.3 Axes
 + Level 6.0 Armour
 + Level 4.4 Dodging


You had 7 spell levels left.
You didn't know any spells.
Your spell library was empty.

Dungeon Overview and Level Annotations

Branches:
Dungeon (6/15)             Temple (1/1) D:4

Altars:
Ashenzari
Cheibriados
Dithmenos
Gozag
Hepliaklqana
Makhleb
Okawaru
Ru
Sif Muna
Uskayaw
Vehumet
Xom


Innate Abilities, Weirdness & Mutations

You are resistant to torment.
Your stone body is resilient. (AC +5)
You are immune to poison.
You resist negative energy. (rN+)
You are resistant to electric shocks. (rElec)
You can survive without breathing.
You are immune to petrification.
You are immune to rotting.


Message History

You are too injured to fight recklessly!
You are too injured to fight recklessly!
You are too injured to fight recklessly!
You are too injured to fight recklessly!
You are too injured to fight recklessly!
You are too injured to fight recklessly!
You are too injured to fight recklessly!
You are too injured to fight recklessly!
You are too injured to fight recklessly!
You are too injured to fight recklessly!
A red film seems to cover your vision as you go berserk!
You feel yourself moving faster!
You feel mighty!
You are feeling very hungry.
The ogre barely misses you.
You hit the ogre.
The ogre is moderately wounded.
You slash the ogre!
The ogre is almost dead.
The ogre hits you with a +0 giant club!!
You die...

#.# ########.###
#..........#
#.########.# ##.##
#####.#
##...###...#.#
##..#..#..#...#
##...##...##...##
#..@O###.###....#
#.###.##.##)###.#
#..## .#.#.###..####
##..####.####.......
##.....8.......###.
##..####.####..## #.
#..###.#.#.###..# #.
#.###.##.##.###.# #.
#...÷###.###....# #.


You could see an ogre.

Vanquished Creatures
  An ice beast (D:5)
  2 sky beasts
  2 ogres
  A bullfrog (D:6)
  A crimson imp (D:5)
  3 orc priests
  A hound (D:5)
  4 orc wizards (D:5)
  A bullfrog skeleton (D:6)
  8 worker ants
  Natasha (thrice) (D:4)
  Terence (D:2)
  2 iguanas (D:5)
  2 hound skeletons
  A worker ant zombie (D:6)
  10 adders
  An ooze (D:6)
  An adder skeleton (D:4)
  2 dart slugs
  A leopard gecko (D:1)
  10 orcs
  2 ball pythons
  6 bats
  4 giant cockroaches
  4 goblins
  11 hobgoblins
  3 jackals (D:5)
  2 quokkas (D:5)
  2 frilled lizards
  8 kobolds
  2 rats
102 creatures vanquished.

Notes
Turn   | Place    | Note
-------+----------+-------------------------------------------
     0 | D:1      | Fang the Gargoyle Berserker began the quest for the Orb.
     0 | D:1      | Reached XP level 1. HP: 14/14 MP: 1/1
   162 | D:1      | Reached XP level 2. HP: 17/19 MP: 2/2
   498 | D:2      | Reached XP level 3. HP: 14/24 MP: 3/3
   697 | D:2      | Noticed Terence
   715 | D:2      | Killed Terence
   715 | D:2      | Reached ** piety under Trog
   715 | D:2      | Reached XP level 4. HP: 11/29 MP: 4/4
  1027 | D:3      | Found a faded altar of an unknown god.
  1387 | D:3      | Reached XP level 5. HP: 22/33 MP: 5/5
  1753 | D:4      | Found a staircase to the Ecumenical Temple.
  2201 | D:4      | Found an opulent altar of Gozag.
  2450 | D:4      | Noticed Natasha
  2459 | D:4      | Killed Natasha
  2675 | D:4      | Noticed Natasha
  2700 | D:4      | Killed Natasha
  2700 | D:4      | Reached XP level 6. HP: 28/39 MP: 6/6
  2762 | D:4      | Noticed Natasha
  2770 | D:4      | Killed Natasha
  3078 | Temple   | Entered the Ecumenical Temple
  3086 | D:5      | Entered Level 5 of the Dungeon
  3531 | D:5      | Noticed a sky beast
  3552 | D:5      | Killed a sky beast
  3552 | D:5      | Reached skill level 5 in Fighting
  3552 | D:5      | Reached XP level 7. HP: 28/44 MP: 7/7
  4207 | D:5      | Reached *** piety under Trog
  4361 | D:5      | Reached skill level 5 in Armour
  4468 | D:5      | Found a sacrificial altar of Ru.
  4472 | D:5      | Reached XP level 8. HP: 51/51 MP: 8/8
  4659 | D:5      | Found a radiant altar of Vehumet.
  4659 | D:5      | Found a shadowy altar of Dithmenos.
  4660 | D:5      | Found a shattered altar of Ashenzari.
  4661 | D:5      | Found a burning altar of Makhleb.
  4661 | D:5      | Found an iron altar of Okawaru.
  4661 | D:5      | Found a deep blue altar of Sif Muna.
  4932 | D:6      | Found a hazy altar of Hepliaklqana.
  4933 | D:6      | Found a shimmering altar of Xom.
  5061 | D:6      | Noticed a spectral ugly thing
  5087 | D:6      | Reached skill level 5 in Axes
  5795 | D:6      | Found a snail-covered altar of Cheibriados.
  5798 | D:6      | Found a hide-covered altar of Uskayaw.
  5949 | D:6      | Slain by an ogre

Skill      XL: |  1  2  3  4  5  6  7  8 |
---------------+-------------------------+-----
Axes           | 3 4 5 |  5.3
Dodging        | 2 3 4 |  4.4
Armour         | 3 4 5 6 |  6.0
Fighting       | 4 5 6 |  6.5

Action                   |  1- 3 |  4- 6 |  7- 9 || total
-------------------------+-------+-------+-------++-------
Melee: Hand axe          |    90 |   185 |   261 ||   536
       Unarmed           |       |     3 |       ||     3
Invok: Berserk           |     1 |     3 |     5 ||     9
 Stab: Sleeping          |       |     1 |     1 ||     2
       Paralysed         |       |       |     1 ||     1
  Eat: Chunk             |       |    11 |    13 ||    24
Armor: Animal skin       |    29 |    53 |    84 ||   166
       Skin              |       |    19 |       ||    19
       Chain mail        |       |       |     2 ||     2
Dodge: Dodged            |    67 |   129 |   157 ||   353
